 Dungeon Crawl Stone Soup version 0.28.0-53-g5a82cb258f (webtiles) character file.

Game seed: 14102618933087916980

95 issech the Vexing (level 4, -1/34 HPs)
             Began as a Gnoll Arcane Marksman on May 21, 2022.
             Succumbed to an adder's poison
             ... on level 3 of the Dungeon.
             The game lasted 00:06:05 (1750 turns).

issech the Vexing (Gnoll Arcane Marksman)           Turns: 1750, Time: 00:06:06

Health: -1/34      AC:  6    Str:  9    XL:     4   Next: 66%
Magic:  8/8        EV: 11    Int: 13    God:
Gold:   76         SH:  0    Dex: 14    Spells: 8/9 levels left

rFire   . . .      SeeInvis .   i - +0 quarterstaff
rCold   . . .      Faith    .   (shield currently unavailable)
rNeg    . . .      Spirit   .   b - +0 ring mail
rPois   .          Reflect  .   (no helmet)
rElec   .          Harm     .   h - +0 cloak
rCorr   .          Rampage  .   (no gloves)
Will    .....                   (no boots)
Stlth   +.........              (no amulet)
HPRegen 0.11/turn               (no ring)
MPRegen 0.11/turn               (no ring)

@: lethally poisoned (-1 -> -9), attractive
A: fangs 1, strong nose, distributed training
a: no special abilities


You were on level 3 of the Dungeon.
You visited 1 branch of the dungeon, and saw 3 of its levels.

You collected 100 gold pieces.
You spent 24 gold pieces at shops.

Inventory:

Hand Weapons
 a - a +0 hand crossbow
 i - a +0 quarterstaff (weapon)
 j - a +0 dagger
 p - a +0 short sword
 q - a +0 dagger
 s - a +0 mace
Missiles
 c - 6 bolts
 k - 75 stones (quivered)
 t - 11 arrows
Armour
 b - a +0 ring mail (worn)
 d - a +0 robe
 h - a +0 cloak (worn)
 n - a +0 leather armour
Wands
 u - a wand of digging (4)
Scrolls
 f - a scroll of magic mapping
 m - a scroll of torment
Potions
 e - a potion of mutation {unknown}
 g - a potion of lignification {unknown}
 l - a potion of cancellation {unknown}
 o - a potion of attraction
 r - a potion of might {unknown}


   Skills:
 + Level 2.8 Fighting
 + Level 1.2 Short Blades
 + Level 1.2 Long Blades
 + Level 1.2 Axes
 + Level 1.2 Maces & Flails
 + Level 1.2 Polearms
 + Level 1.2 Staves
 + Level 1.2 Slings
 + Level 1.2 Bows
 + Level 4.6 Crossbows
 + Level 1.2 Throwing
 + Level 1.2 Armour
 + Level 4.6 Dodging
 + Level 1.2 Stealth
 + Level 1.2 Shields
 + Level 1.2 Unarmed Combat
 + Level 3.0 Spellcasting
 + Level 1.0 Conjurations
 + Level 5.5 Hexes
 + Level 1.0 Summonings
 + Level 1.0 Necromancy
 + Level 1.0 Translocations
 + Level 1.0 Transmutations
 + Level 1.0 Fire Magic
 + Level 1.0 Ice Magic
 + Level 1.0 Air Magic
 + Level 1.0 Earth Magic
 + Level 1.0 Poison Magic
 + Level 1.3 Invocations
 + Level 1.2 Evocations


You had 8 spell levels left.
You knew the following spells:

 Your Spells              Type           Power      Damage    Failure   Level
a - Slow                  Hex            64%        N/A       7%          1

Your spell library contained the following spells:

 Spells                   Type           Power      Damage    Failure   Level
 Inner Flame              Hex/Fire       10%        N/A       45%         3
 Portal Projectile        Hex/Tloc       20%        N/A       45%         3
 Cause Fear               Hex            8%         N/A       54%         4


Dungeon Overview and Level Annotations

Branches:
Dungeon (3/15)

Altars:

Shops:
D:2 ?


Innate Abilities, Weirdness & Mutations

You have very sharp teeth.
Your uncanny sense of smell can sniff out nearby items.
Your experience applies equally to all skills.


Message History

Aim: an adder (50% to hit)
You shoot a bolt. The bolt hits the adder.
The adder is heavily wounded.
i - a +0 quarterstaff (weapon)
The adder closely misses you.
You barely miss the adder.
The adder is heavily wounded.
The adder barely misses you.
You hit the adder.
The adder is severely wounded.
The adder bites you.
* * * LOW HITPOINT WARNING * * *
The adder closely misses you.
You barely miss the adder. You bite the adder, but do no damage.
The adder is severely wounded.
The adder bites you.
* * * LOW HITPOINT WARNING * * *
You are lethally poisoned!
The adder poisons you!
You barely miss the adder.
The adder is severely wounded.
* * * LOW HITPOINT WARNING * * *
You feel sick. The adder bites you.
* * * LOW HITPOINT WARNING * * *
You are more poisoned.
The adder poisons you! The adder bites you but does no damage.
Unknown command.
Unknown command.
Unknown command.
Unknown command.
Unknown command.
Unknown command.
Unknown command.
Unknown command.
Unknown command.
Unknown command.
Unknown command.
It was a potion of attraction.
You feel attractive to monsters.
You die...

..##.........#
#.........#
#.........#
#.........#
##.........#
#..........#
#.##....####
#.#######
+.@S)(#
#.###(# ∆ #.#
....
#.##....J.
#.##...o....
#.##........
(.#....o....
###.....o...


You could see an adder.

Vanquished Creatures
  An orc priest (D:3)
  An orc wizard (D:3)
  3 orcs (D:3)
  5 endoplasms
  A giant cockroach (D:2)
  2 goblins (D:1)
  3 hobgoblins (D:1)
  4 jackals (D:1)
  A quokka (D:1)
  5 ball pythons
  7 bats
  A frilled lizard (D:2)
  4 kobolds
38 creatures vanquished.

Notes
Turn   | Place    | Note
-------+----------+-------------------------------------------
     0 | D:1      | issech the Gnoll Arcane Marksman began the quest for the
                  | Orb.
     0 | D:1      | Reached XP level 1. HP: 17/17 MP: 4/4
   111 | D:1      | Reached XP level 2. HP: 21/23 MP: 5/5
   292 | D:1      | Found a faded altar of an unknown god.
   743 | D:2      | Found Hebbav's Magic Scroll Shoppe.
   778 | D:2      | Bought a scroll of identify for 24 gold pieces
   854 | D:2      | Reached XP level 3. HP: 28/28 MP: 7/7
  1672 | D:3      | Reached skill level 1 in Short Blades
  1672 | D:3      | Reached skill level 1 in Long Blades
  1672 | D:3      | Reached skill level 1 in Axes
  1672 | D:3      | Reached skill level 1 in Maces & Flails
  1672 | D:3      | Reached skill level 1 in Polearms
  1672 | D:3      | Reached skill level 1 in Staves
  1672 | D:3      | Reached skill level 1 in Slings
  1672 | D:3      | Reached skill level 1 in Bows
  1672 | D:3      | Reached skill level 1 in Throwing
  1672 | D:3      | Reached skill level 1 in Armour
  1672 | D:3      | Reached skill level 1 in Stealth
  1672 | D:3      | Reached skill level 1 in Shields
  1672 | D:3      | Reached skill level 1 in Unarmed Combat
  1672 | D:3      | Reached skill level 1 in Invocations
  1672 | D:3      | Reached skill level 1 in Evocations
  1672 | D:3      | Reached XP level 4. HP: 27/34 MP: 8/8
  1680 | D:3      | Reached skill level 1 in Conjurations
  1680 | D:3      | Reached skill level 1 in Summonings
  1680 | D:3      | Reached skill level 1 in Necromancy
  1680 | D:3      | Reached skill level 1 in Translocations
  1680 | D:3      | Reached skill level 1 in Transmutations
  1680 | D:3      | Reached skill level 1 in Fire Magic
  1680 | D:3      | Reached skill level 1 in Ice Magic
  1680 | D:3      | Reached skill level 1 in Air Magic
  1680 | D:3      | Reached skill level 1 in Earth Magic
  1680 | D:3      | Reached skill level 1 in Poison Magic
  1749 | D:3      | HP: 1/34 [adder (1)]
  1750 | D:3      | Succumbed to an adder's poison

Illustrated notes

Levels and vault maps discovered:
D:1:      matt_arrival_los_fun, layout_loops_ring, basic_ecumenical_altar
D:2:      layout_loops_corners, serial_shops, shop
D:3:      minmay_door_path, layout_basic, uniq_sigmund, uniq_grinder

Skill      XL: |  1  2  3  4 |
---------------+-------------+-----
Short Blades   | 1 |  1.2
Long Blades    | 1 |  1.2
Axes           | 1 |  1.2
Maces & Flails | 1 |  1.2
Polearms       | 1 |  1.2
Staves         | 1 |  1.2
Slings         | 1 |  1.2
Bows           | 1 |  1.2
Throwing       | 1 |  1.2
Armour         | 1 |  1.2
Stealth        | 1 |  1.2
Shields        | 1 |  1.2
Unarmed Combat | 1 |  1.2
Invocations    | 1 |  1.3
Evocations     | 1 |  1.2
Spellcasting   | 3 |  3.0
Conjurations   | 1 |  1.0
Summonings     | 1 |  1.0
Necromancy     | 1 |  1.0
Translocations | 1 |  1.0
Transmutations | 1 |  1.0
Fire Magic     | 1 |  1.0
Ice Magic      | 1 |  1.0
Air Magic      | 1 |  1.0
Earth Magic    | 1 |  1.0
Poison Magic   | 1 |  1.0
Fighting       | |  2.8
Crossbows      | |  4.6
Dodging        | |  4.6
Hexes          | |  5.5

Action                   |  1- 3 |  4- 6 || total
-------------------------+-------+-------++-------
Melee: Quarterstaff      |    25 |     6 ||    31
       Bite              |     3 |     1 ||     4
 Fire: Hand crossbow     |    73 |    10 ||    83
Throw: Stone             |    10 |       ||    10
  Use: Scroll            |     2 |       ||     2
       Potion            |       |     1 ||     1
Armor: Ring mail         |    38 |     1 ||    39
Dodge: Dodged            |    44 |     8 ||    52
